 Dungeon Crawl Stone Soup version 0.29-a0-231-g945431f764 (webtiles) character file.

Game seed: 457677185697492126

124 Colgate the Poker (level 5, 23/41 HPs)
             Began as a Formicid Abyssal Knight on Feb 28, 2022.
             Was a Believer of Lugonu.
             Quit the game on level 3 of the Dungeon.
             The game lasted 00:16:05 (3466 turns).

Colgate the Poker (Formicid Abyssal Knight)         Turns: 3466, Time: 00:16:06

Health: 23/41      AC:  5    Str: 18    XL:     5   Next: 30%
Magic:  5/6        EV: 10    Int:  9    God:    Lugonu [**....]
Gold:   179        SH:  0    Dex: 13    Spells: 4/4 levels left

rFire   . . .      SeeInvis +   b - +0 hunting sling
rCold   . . .      Faith    +   (no shield)
rNeg    . . .      Spirit   .   j - +0 ring mail
rPois   .          Reflect  .   (helmet unavailable)
rElec   .          Harm     .   (no cloak)
rCorr   .          Rampage  .   (no gloves)
Will    .....                   (no boots)
Stlth   +.........              o - amulet of faith
HPRegen 0.13/turn               (no ring)
MPRegen 0.10/turn               (no ring)

@: no status effects
A: permanent stasis, dig shafts and tunnels, antennae 3, four strong arms
a: Dig, Shaft Self, Renounce Religion, Depart the Abyss, Bend Space


You were on level 3 of the Dungeon.
You worshipped Lugonu.
Lugonu was pleased with you.
You visited 1 branch of the dungeon, and saw 3 of its levels.
You visited the Abyss 1 time.

You collected 179 gold pieces.

Inventory:

Hand Weapons
 a - a +1 spear
 b - a +0 hunting sling (weapon)
Missiles
 c - 5 poisoned darts
 h - 6 javelins
Armour
 e - a +0 leather armour
 j - a +0 ring mail (worn)
Magical Staves
 d - a staff of fire
Jewellery
 f - an amulet of guardian spirit
 o - an amulet of faith (around neck)
Scrolls
 g - 2 scrolls of magic mapping {@r5}
 i - 2 scrolls of vulnerability
 k - a scroll of enchant armour {unknown}
 m - a scroll of silence {unknown}
 n - a scroll of amnesia
Potions
 l - a potion of might {unknown}


   Skills:
 - Level 3.2 Fighting
 + Level 5.1 Polearms
 - Level 2.1 Armour
 - Level 0.8 Dodging
 - Level 2.1 Invocations


You had 4 spell levels left.
You didn't know any spells.
Your spell library contained the following spells:

 Spells                   Type           Power      Damage    Failure   Level
 Animate Skeleton         Necr           0%         N/A       56%         1
 Apportation              Tloc           0%         N/A       56%         1
 Freeze                   Ice            0%         1d3       56%         1
 Magic Dart               Conj           0%         1d3       56%         1
 Shock                    Conj/Air       0%         1d3       56%         1
 Summon Small Mammal      Summ           0%         N/A       56%         1
 Call Imp                 Summ           0%         N/A       71%         2
 Frozen Ramparts          Ice            0%         1d2       91%         3
 Mephitic Cloud           Conj/Pois/Air  0%         N/A       91%         3
 Hailstorm                Conj/Ice       0%         3d3       100%        4


Dungeon Overview and Level Annotations

Branches:
Dungeon (3/15)

Altars:
Xom

Shops:
D:2 =


Innate Abilities, Weirdness & Mutations

You cannot be hasted, slowed, berserked, paralysed or teleported.
You can dig through walls and to a lower floor.
You have a pair of large antennae on your head. (SInv)
Your four strong arms can wield two-handed weapons with a shield.


Message History

You shoot a sling bullet. The sling bullet hits the adder.
You feel sick.
You are no longer poisoned.
Space bends around you!
You blink.
You are too injured to fight recklessly!
Fire: b) +0 hunting sling
Aim: an adder (almost dead, 32% to hit)
You shoot a sling bullet.
The sling bullet hits the adder but does no damage.
Okay, then.
Fire: b) +0 hunting sling
Aim: an adder (almost dead, 32% to hit)
You shoot a sling bullet. The sling bullet hits the adder.
You kill the adder!
Magic restored.
A gnoll is nearby!
Fire: b) +0 hunting sling
Aim: a gnoll, wielding a +0 spear (wandering, hasn't noticed you, 58% to hit)
You shoot a sling bullet. The gnoll shouts!
The sling bullet hits the gnoll.
You hear a shout! x2
Fire: b) +0 hunting sling
Aim: a gnoll, wielding a +0 spear (lightly wounded, 58% to hit)
You shoot a sling bullet.
The sling bullet barely misses the gnoll.
The sling bullet closely misses the gnoll.
Fire: b) +0 hunting sling
Aim: a gnoll, wielding a +0 spear (lightly wounded, 58% to hit)
You shoot a sling bullet. The sling bullet hits the gnoll.
Fire: b) +0 hunting sling
Aim: a gnoll, wielding a +0 spear (moderately wounded, 58% to hit)
You shoot a sling bullet.
The sling bullet barely misses the gnoll.
The gnoll closely misses you.
The gnoll hits you from afar with a +0 spear.
Space bends around you!
You blink.
The gnoll hits you with a +0 whip. The gnoll hits you but does no damage.

#.....##.#.####.#
#.#♣♣♣♣♣
#..............#.##
#.♣♣P♣..
#.....>.(#....###<#
#♣♣♣P.P♣
#.....########.#.##
#♣P....♣ ###..##
##..# #♣.....P♣ #..#
#..# ##PP.♣♣♣♣#
####..# #..# #...P♣
......# #g.# ##)♣P♣♣
####..# #@.# #..#♣♣
####..# #g.# #.##
....#.###
#g.#####.#########
##.###..
###..........).)....
##.#.#.#
##.§...###########.##
####..#.# ##.>##..#
#.## ........#
#.#....># #.##
.♣P.P...# ##..##.##
#.##
.♣♣♣♣PP.#####..##.#
#...


You could see 3 gnolls.

Vanquished Creatures
  An orc priest (D:3)
  A gnoll (D:3)
  3 adders
  2 worms (D:3)
  3 dart slugs
  2 orcs (D:3)
  6 ball pythons
  4 endoplasms
  2 giant cockroaches (D:1)
  8 goblins
  3 hobgoblins
  2 kobolds (D:1)
  A bat (D:3)
  2 frilled lizards (D:1)
  5 rats
45 creatures vanquished.

Vanquished Creatures (others)
  5 plants (D:3)
5 creatures vanquished.

Grand Total: 50 creatures vanquished

Notes
Turn   | Place    | Note
-------+----------+-------------------------------------------
     0 | Abyss:1  | Colgate the Formicid Abyssal Knight began the quest for the
                  | Orb.
     0 | Abyss:1  | Reached XP level 1. HP: 18/18 MP: 2/2
     5 | D:1      | Escaped the Abyss
   277 | D:1      | Reached XP level 2. HP: 20/24 MP: 3/3
   460 | D:1      | Reached skill level 3 in Polearms
   554 | D:1      | Reached XP level 3. HP: 29/29 MP: 4/4
  1676 | D:2      | Found Toqemararo's Jewellery Shop.
  1792 | D:2      | Reached skill level 4 in Polearms
  1792 | D:2      | Reached XP level 4. HP: 23/35 MP: 5/5
  1988 | D:2      | Found a faded altar of an unknown god.
  1993 | D:2      | Got Plato's Almanac of Conjuration
  2073 | D:2      | Reached ** piety under Lugonu
  2493 | D:3      | Found a shimmering altar of Xom.
  2673 | D:3      | Reached XP level 5. HP: 3/41 MP: 6/6
  3097 | D:3      | Reached skill level 5 in Polearms
  3466 | D:3      | Quit the game

Illustrated notes

Levels and vault maps discovered:
D:1:      nicolae_arrival_washed_ashore, layout_basic
D:2:      layout_basic, shapermc_ecumenical_altar_rom_forum, serial_shops,
          nicolae_shop_behind_doors, kennysheep_generic_room_5
D:3:      layout_loops_ring, amcnicky_altar_gilded,
          chequers_temple_overflow_minitemple, serial_forest,
          infiniplex_forest_corner_1, infiniplex_forest_straight_2,
          infiniplex_forest_clump_curved, infiniplex_forest_corner_2,
          infiniplex_forest_end_1, infiniplex_forest_end_1,
          infiniplex_forest_straight_4, infiniplex_forest_clump_diagonal,
          infiniplex_forest_diagonal, infiniplex_forest_corner_1

Skill      XL: |  1  2  3  4  5 |
---------------+----------------+-----
Polearms       | 3 4 5 |  5.1
Fighting       | |  3.2
Armour         | |  2.1
Dodging        | |  0.8
Invocations    | |  2.1

Action                   |  1- 3 |  4- 6 || total
-------------------------+-------+-------++-------
Melee: Spear             |    65 |    54 ||   119
       Punch             |     1 |       ||     1
 Fire: Hunting sling     |    44 |    33 ||    77
Invok: Bend Space        |       |     5 ||     5
  Use: Scroll            |     2 |     1 ||     3
Armor: Leather armour    |    12 |       ||    12
       Ring mail         |    11 |     6 ||    17
Dodge: Dodged            |    24 |    21 ||    45

Table legend: (Time is in decaauts)
 A = Elapsed time spent in this place.
 B = Non-inter-level travel time spent in this place.
 C = Inter-level travel time spent in this place.
 D = Time resting spent in this place.
 E = Time spent auto-exploring this place.
 F = Levels seen in this place.
 G = Mean time per level.
                   A        B        C        D        E       F      G
               +--------+--------+--------+--------+--------+-----+--------+
         Total |   3478 |   3257 |    221 |      0 |   2695 |   4 |  869.5 |
       Dungeon |   3473 |   3252 |    221 |      0 |   2695 |   3 | 1157.7 |
         Abyss |      5 |      5 |      0 |      0 |      0 |   1 |    5.0 |
               +--------+--------+--------+--------+--------+-----+--------+

Top non-repeatable levels by time:
     D:2: 1482 daAuts
     D:3: 1113 daAuts
     D:1: 876 daAuts
 Abyss:1: 5 daAuts
